details: 'strangest player yet encountered'

« prev index next »

General information

Mini Map

Players

team 1
Random» NightElfG0D (purple | 76 APM | 484 actions | 06:20)
Hero icon 1 Mountain King
Ability icon 1 Storm Bolt
Hero icon 2 Demon Hunter
Ability icon 1 Mana Burn
Ability icon 1 Evasion

» actions
Assign group hotkey13
Build / train45
Enter build submenu15
Enter hero's abilities submenu3
Remove unit from queue2
Right click165
Select / deselect105
Select group hotkey106
Use ability30
484 total
» units
Wisp13
Peasant5
Footman2
Huntress4
Rifleman6
30 total
» upgrades
Strength of the Moon1
Moon Armor1
Gunpowder1
Armor1
4 total
» buildings
Altar of Elders1
Moon Well4
Hunter's Hall1
Farm6
Ancient of War2
Blacksmith1
Ancient of Wonders1
Barracks1
Lumber Mill1
Scout Tower2
Tree of Ages3
23 total
» build order
00:10 Altar of Elders
00:12 Moon Well
01:37 Hunter's Hall
01:43 Farm
02:00 Ancient of War
02:05 Ancient of War
02:19 Moon Well
02:37 Blacksmith
03:06 Ancient of Wonders
04:02 Barracks
04:05 Lumber Mill
04:07 Scout Tower
04:07 Scout Tower
04:10 Farm
04:11 Farm
04:11 Farm
04:19 Tree of Ages
04:19 Tree of Ages
04:20 Tree of Ages
05:02 Farm
05:02 Farm
05:08 Moon Well
05:08 Moon Well
HumanDONTPUSHURLUCK (red | 50 APM | 3075 actions | 61:03)
Hero icon 5 Archmage
Ability icon 3 Summon Water Elemental
Ability icon 2 Brilliance Aura
Hero icon 5 Mountain King
Ability icon 3 Storm Bolt
Ability icon 2 Bash
Hero icon 4 Paladin
Ability icon 2 Holy Light
Ability icon 2 Devotion Aura

» actions
Assign group hotkey88
Basic commands145
Build / train185
ESC pressed8
Enter build submenu81
Enter hero's abilities submenu15
Give item / drop item5
Right click792
Select / deselect582
Select group hotkey820
Use ability354
3075 total
» units
Peasant18
Footman5
Rifleman9
Wisp5
37 total
» upgrades
Gunpowder3
Masonry4
Long Rifles1
Armor3
Animal War Training2
Swords3
Plating3
Lumber Harvesting2
Sorceress Training2
Priest Training2
Barrage1
Fragmentation Shards1
Cloud1
Storm Hammers1
Flare1
Flak Cannons1
Control Magic1
Magic Sentry1
33 total
» buildings
Barracks1
Altar of Kings1
Farm9
Arcane Vault1
Keep2
Blacksmith1
Castle3
Scout Tower44
Ancient Protector6
Lumber Mill2
Guard Tower34
Town Hall3
Arcane Tower2
Arcane Sanctum2
Workshop2
Gryphon Aviary2
115 total
» build order
00:51 Barracks
00:53 Altar of Kings
00:56 Farm
01:05 Farm
01:11 Farm
02:03 Arcane Vault
02:05 Farm
04:00 Keep
04:00 Keep
04:03 Blacksmith
05:14 Farm
05:17 Farm
06:45 Castle
06:45 Castle
06:45 Castle
07:00 Scout Tower
07:01 Scout Tower
07:03 Scout Tower
07:05 Scout Tower
07:05 Scout Tower
08:16 Scout Tower
08:18 Scout Tower
08:22 Scout Tower
08:23 Scout Tower
08:25 Scout Tower
09:20 Ancient Protector
09:21 Ancient Protector
09:22 Ancient Protector
09:24 Lumber Mill
09:35 Scout Tower
09:37 Scout Tower
09:39 Scout Tower
09:43 Scout Tower
09:46 Scout Tower
10:17 Guard Tower
10:17 Guard Tower
10:24 Scout Tower
10:37 Scout Tower
10:38 Scout Tower
10:52 Scout Tower
10:52 Scout Tower
10:53 Scout Tower
10:53 Scout Tower
11:11 Guard Tower
11:11 Guard Tower
11:19 Guard Tower
11:20 Guard Tower
11:20 Guard Tower
11:20 Guard Tower
11:33 Ancient Protector
11:37 Ancient Protector
11:38 Ancient Protector
14:23 Scout Tower
14:24 Scout Tower
14:25 Scout Tower
14:26 Scout Tower
14:57 Guard Tower
14:57 Guard Tower
14:57 Guard Tower
14:58 Guard Tower
14:59 Guard Tower
15:00 Guard Tower
15:00 Guard Tower
15:03 Guard Tower
15:03 Guard Tower
15:05 Scout Tower
15:08 Scout Tower
15:13 Scout Tower
15:37 Guard Tower
15:37 Guard Tower
15:44 Guard Tower
15:44 Guard Tower
15:46 Guard Tower
15:46 Guard Tower
15:57 Scout Tower
16:01 Scout Tower
16:24 Guard Tower
16:25 Guard Tower
16:51 Guard Tower
16:51 Guard Tower
17:10 Farm
18:12 Farm
18:14 Farm
23:16 Scout Tower
23:17 Scout Tower
23:21 Lumber Mill
24:17 Town Hall
24:18 Scout Tower
24:19 Scout Tower
24:22 Scout Tower
24:24 Scout Tower
24:25 Scout Tower
25:05 Arcane Tower
25:05 Guard Tower
25:06 Guard Tower
26:58 Town Hall
27:02 Scout Tower
27:02 Scout Tower
27:03 Scout Tower
27:04 Scout Tower
28:19 Arcane Tower
28:20 Guard Tower
28:20 Guard Tower
28:20 Guard Tower
28:25 Scout Tower
28:26 Scout Tower
28:56 Arcane Sanctum
28:58 Arcane Sanctum
29:02 Workshop
29:04 Workshop
29:41 Gryphon Aviary
29:42 Gryphon Aviary
36:11 Guard Tower
36:11 Guard Tower
45:00 Town Hall
» items
Staff of Teleportation2
Scroll of Regeneration4
Mechanical Critter4
Potion of Healing2
Potion of Invisibility1
Dust of Appearance1
Scroll of Town Portal1
Staff of Sanctuary1
Orb of Fire1
Boots of Speed2
Periapt of Vitality2
Circlet of Nobility1
Scroll of Protection1
Potion of Lesser Invulnerability1
24 total
Humanletsallagreeman (orange | 31 APM | 31 actions | 00:59)

» actions
Basic commands1
Build / train3
Enter build submenu4
Right click10
Select / deselect9
Use ability4
31 total
» units
Peasant3
3 total
» buildings
Altar of Kings1
Farm2
Barracks1
4 total
» build order
00:09 Altar of Kings
00:15 Farm
00:39 Barracks
00:55 Farm
Undeadwatsupyall (pink | 4 APM | 95 actions | 26:08)

» actions
Enter build submenu1
Right click46
Select / deselect42
Use ability6
95 total
» buildings
Tree of Life1
1 total
» build order
08:00 Tree of Life
team 2
OrcDL-Cow (green | 49 APM | 1222 actions | 24:49)
Hero icon 5 Tauren Chieftain
Ability icon 2 War Stomp
Ability icon 3 Endurance Aura

» actions
Assign group hotkey14
Basic commands16
Build / train36
Enter build submenu17
Enter hero's abilities submenu5
Give item / drop item2
Right click660
Select / deselect220
Select group hotkey205
Use ability47
1222 total
» units
Peon7
Grunt9
Troll Batrider3
Gryphon Rider1
20 total
» upgrades
Ranged Weapons3
Liquid Fire1
4 total
» buildings
Altar of Storms1
Orc Burrow11
Barracks2
Voodoo Lounge1
Stronghold1
War Mill1
Beastiary2
Fortress1
Great Hall1
21 total
» build order
00:05 Altar of Storms
00:08 Orc Burrow
00:55 Barracks
01:31 Barracks
01:46 Orc Burrow
02:56 Orc Burrow
03:08 Voodoo Lounge
04:52 Orc Burrow
05:57 Stronghold
06:00 War Mill
08:51 Beastiary
08:53 Beastiary
09:40 Orc Burrow
09:41 Orc Burrow
09:43 Fortress
16:59 Great Hall
17:52 Orc Burrow
17:58 Orc Burrow
17:59 Orc Burrow
18:04 Orc Burrow
18:05 Orc Burrow
» items
Healing Salve2
Orb of Fire1
Scroll of Town Portal1
4 total
Humansebinator (teal | 35 APM | 2125 actions | 61:03)
Hero icon 5 Paladin
Ability icon 1 Holy Light
Ability icon 1 Divine Shield
Ability icon 3 Devotion Aura

» actions
Assign group hotkey25
Basic commands54
Build / train373
ESC pressed12
Enter build submenu109
Enter hero's abilities submenu5
Right click614
Select / deselect488
Select group hotkey302
Use ability143
2125 total
» units
Peasant11
Footman16
Dragonhawk Rider4
Gryphon Rider6
Peon313
350 total
» upgrades
Defend1
Swords3
Lumber Harvesting2
Storm Hammers1
Cloud1
Animal War Training1
Spiked Barricades1
10 total
» buildings
Altar of Kings1
Farm15
Barracks2
Lumber Mill1
Scout Tower1
Arcane Tower1
Arcane Vault1
Keep1
Blacksmith1
Castle1
Gryphon Aviary3
Watch Tower6
Great Hall63
Altar of Storms1
98 total
» build order
00:10 Altar of Kings
00:21 Farm
00:29 Barracks
00:55 Farm
01:32 Farm
01:55 Lumber Mill
02:15 Farm
02:50 Scout Tower
02:54 Farm
03:27 Arcane Tower
03:37 Farm
04:07 Arcane Vault
04:17 Farm
04:55 Keep
05:01 Farm
05:28 Blacksmith
06:27 Farm
07:14 Farm
08:47 Castle
08:54 Farm
08:58 Gryphon Aviary
09:02 Gryphon Aviary
09:35 Farm
10:15 Farm
10:30 Gryphon Aviary
10:58 Farm
13:00 Farm
26:55 Watch Tower
28:01 Watch Tower
28:09 Watch Tower
28:45 Watch Tower
28:51 Watch Tower
29:06 Watch Tower
31:23 Great Hall
34:05 Great Hall
35:54 Great Hall
36:55 Great Hall
37:16 Great Hall
37:33 Great Hall
37:56 Great Hall
38:27 Great Hall
38:59 Great Hall
39:23 Great Hall
40:09 Great Hall
40:56 Great Hall
41:17 Great Hall
42:57 Great Hall
43:12 Great Hall
43:47 Great Hall
43:51 Great Hall
44:58 Great Hall
45:02 Great Hall
45:16 Great Hall
45:25 Great Hall
45:26 Great Hall
45:27 Great Hall
45:28 Great Hall
45:28 Great Hall
45:47 Great Hall
46:12 Great Hall
46:14 Great Hall
46:18 Great Hall
46:19 Great Hall
46:20 Great Hall
46:22 Great Hall
46:24 Great Hall
46:29 Great Hall
46:31 Great Hall
46:31 Great Hall
46:33 Great Hall
46:44 Great Hall
46:45 Great Hall
46:52 Great Hall
46:57 Great Hall
47:02 Great Hall
47:10 Great Hall
47:23 Great Hall
48:05 Great Hall
48:06 Great Hall
48:10 Great Hall
48:11 Great Hall
48:12 Great Hall
48:15 Great Hall
48:16 Barracks
48:27 Great Hall
48:28 Great Hall
48:36 Great Hall
49:19 Great Hall
49:30 Great Hall
49:42 Great Hall
49:53 Great Hall
50:04 Great Hall
50:14 Great Hall
50:32 Great Hall
50:42 Great Hall
50:51 Great Hall
51:01 Great Hall
59:59 Altar of Storms
» items
Scroll of Regeneration1
Dust of Appearance2
Healing Salve1
4 total
HumanNEWYORKSHlTTY (yellow | 41 APM | 2488 actions | 61:04)
Hero icon 5 Archmage
Ability icon 3 Summon Water Elemental
Ability icon 2 Brilliance Aura

» actions
Assign group hotkey44
Basic commands387
Build / train75
Enter build submenu39
Enter hero's abilities submenu5
Give item / drop item4
Remove unit from queue249
Right click702
Select / deselect482
Select group hotkey298
Use ability201
2488 total
» units
Peasant12
Footman4
Gryphon Rider5
21 total
» upgrades
Lumber Harvesting2
Masonry3
Storm Hammers1
Animal War Training1
Swords3
Armor3
13 total
» buildings
Altar of Kings1
Barracks1
Farm11
Scout Tower15
Arcane Tower1
Keep1
Arcane Vault2
Lumber Mill1
Castle1
Gryphon Aviary4
Blacksmith2
Town Hall1
Guard Tower5
46 total
» build order
00:48 Altar of Kings
00:49 Barracks
00:52 Farm
00:54 Farm
01:05 Farm
02:24 Scout Tower
02:59 Arcane Tower
03:23 Keep
03:40 Arcane Vault
04:08 Lumber Mill
04:59 Farm
06:24 Castle
07:48 Gryphon Aviary
07:49 Gryphon Aviary
07:50 Gryphon Aviary
07:51 Gryphon Aviary
07:54 Blacksmith
07:56 Blacksmith
08:08 Farm
08:11 Farm
08:15 Farm
11:31 Scout Tower
11:32 Scout Tower
11:32 Scout Tower
11:33 Scout Tower
11:34 Scout Tower
11:47 Town Hall
11:49 Scout Tower
11:49 Scout Tower
11:50 Scout Tower
12:53 Guard Tower
12:57 Guard Tower
14:40 Scout Tower
14:41 Scout Tower
14:42 Scout Tower
14:42 Scout Tower
15:58 Guard Tower
16:36 Guard Tower
16:43 Guard Tower
18:45 Arcane Vault
21:23 Farm
21:23 Farm
21:23 Farm
21:24 Farm
» items
Scroll of Regeneration6
Mechanical Critter2
Potion of Invisibility1
Staff of Teleportation1
Scroll of Town Portal7
Ivory Tower3
Staff of Sanctuary1
Potion of Healing6
27 total
Random» HumanXb20tegzX (blue | 73 APM | 1565 actions | 21:28)
Hero icon 4 Paladin
Ability icon 2 Holy Light
Ability icon 2 Divine Shield

» actions
Assign group hotkey25
Basic commands13
Build / train68
Enter build submenu30
Enter hero's abilities submenu4
Remove unit from queue1
Right click908
Select / deselect170
Select group hotkey295
Use ability51
1565 total
» units
Peasant13
Footman13
Knight7
Gryphon Rider6
39 total
» upgrades
Plating3
Swords2
Defend1
Animal War Training1
7 total
» buildings
Altar of Kings1
Farm9
Barracks2
Lumber Mill1
Arcane Vault1
Keep1
Blacksmith1
Castle1
Scout Tower9
Town Hall1
Gryphon Aviary3
Guard Tower6
36 total
» build order
00:04 Altar of Kings
00:16 Farm
01:22 Farm
01:53 Barracks
01:56 Barracks
02:06 Farm
02:22 Lumber Mill
02:39 Farm
03:22 Farm
04:04 Farm
04:58 Arcane Vault
05:09 Keep
05:57 Blacksmith
07:18 Farm
08:09 Farm
08:58 Castle
09:03 Farm
10:07 Scout Tower
10:15 Town Hall
15:54 Gryphon Aviary
16:00 Gryphon Aviary
16:07 Gryphon Aviary
18:07 Scout Tower
18:10 Scout Tower
18:40 Guard Tower
18:41 Guard Tower
18:45 Scout Tower
18:51 Scout Tower
19:17 Guard Tower
19:19 Scout Tower
19:20 Guard Tower
19:23 Scout Tower
20:58 Guard Tower
21:00 Guard Tower
21:03 Scout Tower
21:07 Scout Tower
» items
Scroll of Regeneration2
Lesser Clarity Potion1
Scroll of Town Portal2
Potion of Mana1
Potion of Healing2
8 total

Chat log

(00:07 / All) NEWYORKSHlTTY: letsalldisagreeman
(00:40 / Allies) Xb20tegzX: rush?
(00:41 / Allies) DL-Cow: ill get melee/sw
(00:44 / Allies) NEWYORKSHlTTY: I'm cc
(00:47 / Allies) Xb20tegzX: k
(01:18 / Allies) DL-Cow: now rush?
(01:23 / Allies) Xb20tegzX: yes
(01:30 / Allies) NEWYORKSHlTTY: I got plans, cc plans
(01:35 / Allies) Xb20tegzX: lol
(01:46 / Allies) Xb20tegzX: k

(06:15 / Allies) DL-Cow: tping
(06:19 / Allies) Xb20tegzX: na ohold up
(06:27 / Allies) Xb20tegzX: k now
(07:22 / Allies) Xb20tegzX: coming

(09:02 / All) NEWYORKSHlTTY: FREEDOM ISN'T FREE
(09:23 / Allies) Xb20tegzX: me

(10:35 / Allies) Xb20tegzX: coing

(12:39 / Allies) Xb20tegzX: yellow wtf
(12:41 / Allies) Xb20tegzX: lol
(13:12 / Allies) NEWYORKSHlTTY: lumber pelase
(13:21 / Allies) NEWYORKSHlTTY: ty
(13:24 / Allies) Xb20tegzX: np
(13:25 / Allies) DL-Cow: lol
(14:22 / Allies) DL-Cow: jesus fuck
(14:24 / Allies) Xb20tegzX: kk

(15:35 / Allies) Xb20tegzX: yeloow wtf
(15:41 / Allies) Xb20tegzX: why dude
(16:28 / Allies) Xb20tegzX: teal
(16:43 / All) Xb20tegzX: teal green
(16:47 / Allies) Xb20tegzX: hit yellow
(16:59 / Allies) Xb20tegzX: ghet thsi faggot out
(17:11 / Allies) DL-Cow: he wrecked my base
(17:13 / Allies) DL-Cow: cant do much

(20:45 / Allies) Xb20tegzX: wow
(20:50 / Allies) Xb20tegzX: lol
(21:25 / Allies) DL-Cow: help?

(25:08 / All) NEWYORKSHlTTY: he killed my peons from my dead main ogld mine lol
(25:11 / All) NEWYORKSHlTTY: already drained
(25:20 / All) NEWYORKSHlTTY: then I noticed and killed blue's birds and he alt qq

(28:32 / All) NEWYORKSHlTTY: he's towering you lol
(28:39 / All) DONTPUSHURLUCK: LOL
(28:39 / All) DONTPUSHURLUCK: where
(28:42 / All) NEWYORKSHlTTY: above ur base
(28:49 / All) DONTPUSHURLUCK: good one
(28:51 / All) DONTPUSHURLUCK: that will totally work

(30:05 / All) DONTPUSHURLUCK: focus am when I have paladin to heal it
(30:06 / All) DONTPUSHURLUCK: good job idiot
(30:28 / All) NEWYORKSHlTTY: mopping up blue base
(30:37 / All) NEWYORKSHlTTY: he got a peon running out lol
(30:49 / All) DONTPUSHURLUCK: they're desperate for this win

(38:21 / All) DONTPUSHURLUCK: GG
(38:21 / All) DONTPUSHURLUCK: EZ
(38:42 / Allies) NEWYORKSHlTTY: Are you hoping I drop? What's your plan?
(39:25 / Allies) NEWYORKSHlTTY: If y ou don't talk, I shall grow bored

(42:15 / All) NEWYORKSHlTTY: yep, those are peasants
(42:21 / All) NEWYORKSHlTTY: and that's an expansion
(42:37 / All) NEWYORKSHlTTY: That's what is known as a "main base"
(42:47 / All) NEWYORKSHlTTY: Mana fountain
(42:55 / All) NEWYORKSHlTTY: Goblin shop
(43:13 / All) NEWYORKSHlTTY: Also goblin shops

(45:34 / All) NEWYORKSHlTTY: never gonna give you up, never gonna let you down
(45:52 / All) DONTPUSHURLUCK: NEVER GONNA MAKE YOU CRY
(45:55 / All) DONTPUSHURLUCK: NEVER GON NA SAY GOODBYE

(47:31 / Allies) NEWYORKSHlTTY: If you speak to me and answer trivia questions, I will allow you 1 hall
(47:40 / Allies) NEWYORKSHlTTY: You have only 10 seconds to comply
(47:42 / Allies) NEWYORKSHlTTY: 9
(47:44 / Allies) NEWYORKSHlTTY: 8
(47:46 / Allies) NEWYORKSHlTTY: 7
(47:49 / Allies) NEWYORKSHlTTY: 6
(47:52 / Allies) NEWYORKSHlTTY: 5
(47:53 / Allies) NEWYORKSHlTTY: 4
(47:55 / Allies) NEWYORKSHlTTY: 3
(47:57 / Allies) NEWYORKSHlTTY: 2
(47:59 / Allies) NEWYORKSHlTTY: 1
(48:53 / Allies) NEWYORKSHlTTY: English>

(55:58 / Allies) NEWYORKSHlTTY: Can you speak English?
(56:47 / All) NEWYORKSHlTTY: Bot?
(57:09 / All) NEWYORKSHlTTY: It must be a bot
(57:16 / All) NEWYORKSHlTTY: But then he spammed ping
(57:27 / All) NEWYORKSHlTTY: This is the strangest player I have yet encountered
(57:34 / All) DONTPUSHURLUCK: lol
(57:37 / All) DONTPUSHURLUCK: that's hilarious
(57:43 / All) DONTPUSHURLUCK: wonder if it really is a bot
(57:56 / All) NEWYORKSHlTTY: I would say so except he massed spam ping
(57:57 / All) NEWYORKSHlTTY: and
(57:58 / All) NEWYORKSHlTTY: gave lumber
(58:04 / All) NEWYORKSHlTTY: without me asking

(59:05 / All) NEWYORKSHlTTY: He really wants a win!
(60:05 / All) DONTPUSHURLUCK: end it so we can search new game
(60:12 / All) NEWYORKSHlTTY: k